 Dungeon Crawl Stone Soup version 0.31-a0-920-g28cbb04a8c (webtiles) character file.

Game seed: 17742993967180642355

322 Fodor the Covered (level 6, 0/53 HPs)
             Began as a Minotaur Fighter on Oct 18, 2023.
             Killed by divine providence
             ... invoked by an orc priest
              (12 damage)
             ... on level 4 of the Dungeon.
             The game lasted 00:15:51 (2923 turns).

Fodor the Covered (Minotaur Fighter)                Turns: 2923, Time: 00:15:52

Health: 0/53       AC: 10    Str: 20 (22) XL:     6   Next: 22%
Magic:  5/5        EV: 23    Int: 10 (11) God:
Gold:   132        SH:  4    Dex:  9 (10) Spells: 5/5 levels left

rFire   . . .        m - +0 war axe
rCold   . . .        c - +0 buckler
rNeg    . . .        e - +0 chain mail
rPois   .            (helmet restricted)
rElec   .            (no cloak)
rCorr   .            (no gloves)
SInv    .            (no boots)
Will    .....        o - amulet of the acrobat Stlth
                     s - +6 ring of intelligence
HPRegen 0.28/turn    (no ring)
MPRegen 0.09/turn

%: acrobat
@: acrobatic
A: horns 2, retaliatory headbutt
a: no special abilities


You were on level 4 of the Dungeon.
You visited 1 branch of the dungeon, and saw 4 of its levels.

You collected 132 gold pieces.

Inventory:

Hand Weapons
 m - a +0 war axe (weapon)
Armour
 c - a +0 buckler (worn)
 e - a +0 chain mail (worn)
Jewellery
 o - an amulet of the acrobat (around neck)
 s - a +6 ring of intelligence (left hand)
Talismans
 i - a maw talisman
 r - a serpent talisman
 t - a maw talisman
Wands
 v - a wand of paralysis (10)
Scrolls
 a - a scroll of blinking {unknown}
 f - 3 scrolls of identify {unknown}
 g - a scroll of noise {unknown}
 k - 3 scrolls of teleportation {unknown}
 l - 3 scrolls of amnesia {unknown}
 n - a scroll of vulnerability {unknown}
 w - 2 scrolls of fear {unknown}
Potions
 b - 5 potions of curing {unknown}
 d - a potion of might
 h - 2 potions of attraction
 p - a potion of brilliance
 u - a potion of enlightenment {unknown}


   Skills:
 + Level 4.7 Fighting
 + Level 3.4 Long Blades
 + Level 3.7 Axes
 + Level 5.7 Armour
 + Level 0.3 Dodging
 + Level 0.1 Stealth
 + Level 4.3 Shields


You had 5 spell levels left.
You didn't know any spells.
Your spell library was empty.

Dungeon Overview and Level Annotations

Branches:
Dungeon (4/15)
 Temple: D:4-7

Altars:
Hepliaklqana

Shops:
D:1 *(*![   D:2 (

Annotations:
D:4 1 runed translucent door


Innate Abilities, Weirdness & Mutations

You have a pair of horns on your head.
You reflexively headbutt those who attack you in melee.


Message History

The orc is attracted toward you.
You have reached level 6!
It was a potion of haste.
You feel yourself speed up. The orc hits you but does no damage.
You feel very mighty all of a sudden. The orc hits you but does no damage.
You slash the orc!
You kill the orc!
The orc is attracted toward you.
You slice the orc!!
You kill the orc!
The iguana is attracted toward you.
An iguana comes into view.
You slash the iguana! Your headbutt misses the iguana.
The iguana is heavily wounded.
The iguana barely misses you. You furiously retaliate!
You headbutt the iguana!!
You kill the iguana!
Items here: )))))) ††.
You start resting.
You feel less attractive to monsters.
Your extra speed is starting to run out.
You feel yourself slow down.
A ball python comes into view.
The ball python hisses angrily.
Found a dagger.
You feel a little less clever now.
You slash the ball python!
You kill the ball python!
You see here a ball python corpse.
Found 4 stones.
You feel a little less mighty now.
An orc priest comes into view. It is wielding a +0 short sword.
The orc priest shouts!
The orc priest invokes the aid of Beogh against you.
Beogh smites you!
* * * LOW HITPOINT WARNING * * *
The orc priest calls down the wrath of Beogh upon you.
Beogh smites you!
You die...

#.####.# .#
##.# .# ....
###.# ...#
...)# #####
#..### #...(#
#######.##.###
#.....o.†...@#
#.#####.##.#.#
#.# #.##.#.#
#.# #.##.#.#
#.# #....#.#
#.# ####.#.#
#.# #.#..#
#.######.###.##
#.......## ##.#


You could see an orc priest.

Vanquished Creatures
  3 orc priests
  2 hounds (D:4)
  An iguana (D:4)
  Ijyb (D:3)
  5 adders (D:2)
  A dart slug (D:2)
  6 orcs
  5 endoplasms
  4 giant cockroaches
  12 goblins
  4 hobgoblins
  A quokka (D:4)
  10 ball pythons
  4 bats
  3 frilled lizards
  2 kobolds (D:1)
  6 rats
70 creatures vanquished.

Notes
Turn   | Place    | Note
-------+----------+-------------------------------------------
     0 | D:1      | Fodor the Minotaur Fighter began the quest for the Orb.
     0 | D:1      | Reached XP level 1. HP: 19/19 MP: 0/0
    61 | D:1      | Found Ublamuam's Antique Weapon Boutique.
   153 | D:1      | Found Hadism's Assorted Antiques.
   289 | D:1      | Found Emasa's Assorted Antiques.
   445 | D:1      | Reached XP level 2. HP: 27/27 MP: 1/1
   481 | D:1      | Found Apnalo's Distillery.
   591 | D:1      | Found Eneewk's Antique Armour Emporium.
   994 | D:2      | Reached skill level 4 in Armour
  1025 | D:2      | Reached XP level 3. HP: 32/33 MP: 2/2
  1130 | D:2      | Found Zyataluv's Weapon Boutique.
  1165 | D:2      | Found a hazy altar of Hepliaklqana.
  1314 | D:2      | Reached XP level 4. HP: 40/40 MP: 3/3
  1567 | D:2      | Reached skill level 5 in Armour
  1838 | D:3      | Reached skill level 1 in Axes
  2051 | D:3      | Noticed Ijyb
  2053 | D:3      | Paralysed by Ijyb for 2 turns
  2062 | D:3      | Killed Ijyb
  2063 | D:3      | Reached XP level 5. HP: 37/47 MP: 4/4
  2439 | D:4      | Found a runed translucent door.
  2859 | D:4      | Reached XP level 6. HP: 11/53 MP: 5/5
  2923 | D:4      | Killed from afar by an orc priest

Illustrated notes

Levels and vault maps discovered:
D:1:      dpeg_arrival_rooms_with_view, layout_basic, serial_shops, shop, shop,
          nicolae_shop_tiny_statue_garden, nicolae_shop_advertising_works
          [nicolae_subvault_shop_adworks], shop
D:2:      kennysheep_the_goblin_king, layout_rooms, serial_shops,
          nicolae_shop_back_alley_shop, basic_altar
D:3:      layout_basic, grunt_ministairs_10, uniq_ijyb
D:4:      layout_loops_ring, ebering_ghost_reflecting_pool

Skill      XL: |  1  2  3  4  5 |
---------------+----------------+-----
Armour         | 4 5 |  5.7
Fighting       | 4 |  4.7
Shields        | 4 |  4.3
Long Blades    | 3 |  3.4
Axes           | 2 3 |  3.7
Dodging        | |  0.3
Stealth        | |  0.1

Action                     |  1- 3 |  4- 6 || total
---------------------------+-------+-------++-------
  Melee: Long sword        |    62 |       ||    62
         Headbutt          |     7 |     9 ||    16
         War axe           |     7 |    84 ||    91
    Use: Potion            |       |     5 ||     5
 Armour: Chain mail        |    72 |    61 ||   133
  Dodge: Dodged            |    46 |    51 ||    97
  Block: Buckler           |    29 |    17 ||    46

Table legend: (Time is in decaauts)
 A = Elapsed time spent in this place.
 B = Non-inter-level travel time spent in this place.
 C = Inter-level travel time spent in this place.
 D = Time resting spent in this place.
 E = Time spent auto-exploring this place.
 F = Levels seen in this place.
 G = Mean time per level.
                   A        B        C        D        E       F      G
               +--------+--------+--------+--------+--------+-----+--------+
         Total |   2968 |   2898 |     70 |    227 |     22 |   4 |  742.0 |
       Dungeon |   2968 |   2898 |     70 |    227 |     22 |   4 |  742.0 |
               +--------+--------+--------+--------+--------+-----+--------+

Top non-repeatable levels by time:
     D:1: 974 daAuts
     D:3: 780 daAuts
     D:2: 648 daAuts
     D:4: 565 daAuts
